 Dungeon Crawl Stone Soup version 0.28.0 (webtiles) character file.

Game seed: 4607080740641558725

7 Ablot the Grasshopper (level 2, 23/26 HPs)
             Began as a Gnoll Warper on Feb 18, 2022.
             Was a Follower of Makhleb.
             Quit the game on level 1 of the Dungeon.
             The game lasted 00:00:35 (52 turns).

Ablot the Grasshopper (Gnoll Warper)                  Turns: 52, Time: 00:00:35

Health: 23/26      AC:  3    Str: 10    XL:     2   Next: 4%
Magic:  7/7        EV: 12    Int: 12    God:    Makhleb [*.....]
Gold:   0          SH:  0    Dex: 11    Spells: 8/10 levels left

rFire   . . .      SeeInvis .   a - +0 spear
rCold   . . .      Faith    .   (no shield)
rNeg    . . .      Spirit   .   b - +0 leather armour
rPois   .          Reflect  .   (no helmet)
rElec   .          Harm     .   (no cloak)
rCorr   .          Rampage  .   (no gloves)
Will    .....                   (no boots)
Stlth   +.........              (no amulet)
HPRegen 0.08/turn               (no ring)
MPRegen 0.10/turn               (no ring)

@: no status effects
A: fangs 1, strong nose, distributed training
a: Renounce Religion


You were on level 1 of the Dungeon.
You worshipped Makhleb.
Makhleb was aware of your devotion.
You visited 1 branch of the dungeon, and saw 1 of its levels.

Inventory:

Hand Weapons
 a - a +0 spear (weapon)
Missiles
 d - 5 boomerangs of dispersal (quivered)
 e - 18 bolts
Armour
 b - a +0 leather armour (worn)
Scrolls
 c - a scroll of blinking


   Skills:
 + Level 4.4 Fighting
 + Level 0.2 Short Blades
 + Level 0.2 Long Blades
 + Level 0.2 Axes
 + Level 0.2 Maces & Flails
 + Level 4.4 Polearms
 + Level 0.2 Staves
 + Level 0.2 Slings
 + Level 0.2 Bows
 + Level 0.2 Crossbows
 + Level 2.4 Throwing
 + Level 2.4 Armour
 + Level 4.4 Dodging
 + Level 0.2 Stealth
 + Level 0.2 Shields
 + Level 0.2 Unarmed Combat
 + Level 4.9 Spellcasting
 + Level 0.1 Conjurations
 + Level 0.1 Hexes
 + Level 0.1 Summonings
 + Level 0.1 Necromancy
 + Level 5.3 Translocations
 + Level 0.1 Transmutations
 + Level 0.1 Fire Magic
 + Level 0.1 Ice Magic
 + Level 0.1 Air Magic
 + Level 0.1 Earth Magic
 + Level 0.1 Poison Magic
 + Level 0.3 Invocations
 + Level 0.2 Evocations


You had 8 spell levels left.
You knew the following spells:

 Your Spells              Type           Power      Damage    Failure   Level
a - Blink                 Tloc           30%        N/A       4%          2

Your spell library contained the following spells:

 Spells                   Type           Power      Damage    Failure   Level
 Gell's Gravitas          Tloc           15%        N/A       9%          3
 Lesser Beckoning         Tloc           15%        N/A       9%          3
 Teleport Other           Tloc           15%        N/A       9%          3
 Manifold Assault         Tloc           15%        N/A       63%         5


Dungeon Overview and Level Annotations

Branches:
Dungeon (1/15)

Altars:
Makhleb


Innate Abilities, Weirdness & Mutations

You have very sharp teeth.
Your uncanny sense of smell can sniff out nearby items.
Your experience applies equally to all skills.


Message History

You hit the jackal.
You kill the jackal!
No target in view!
No target in view!
No target in view!
No target in view!
No target in view!
No target in view!
No target in view!
No target in view!
No target in view!
No target in view!
No target in view!
No target in view!
No target in view!
No target in view!
No target in view!
Unknown command.
Things that are here:
a jackal corpse; a jackal corpse The bat hits you but does no damage.
You miss the bat. The bat closely misses you.
You reach to attack!
You hit the bat.
You kill the bat!
You have reached level 2!
Memorise Blink, consuming 2 spell levels and leaving 8?
You start memorising the spell.
You continue memorising. x2
You finish memorising.
Spell assigned to 'a'.
There is a faded altar of an unknown god here.
You see here a +0 dagger.
You cannot tell which god this altar belongs to.
Convert to them anyway?
Okay, then.
Sorry, you're not good enough to have a special ability.
You cannot tell which god this altar belongs to.
Convert to them anyway? [Y]es or [N]o only, please.
You cannot tell which god this altar belongs to.
Convert to them anyway?
Makhleb accepts your prayer! Makhleb welcomes you!
You can now gain health from killing.
Are you sure you want to abandon this character and quit the game? (Confirm with "yes".)

#.#.#####...###
...........##
.......<...####.###
#######...........
..##....####.#
###.#...###...#
#.#.........#
+.#.........#
∆##!....@..##
###........#
............#
.......>.....#
######..###### ##.
#.


There were no monsters in sight!

Vanquished Creatures
  A bat (D:1)
  4 jackals (D:1)
  A rat (D:1)
6 creatures vanquished.

Notes
Turn   | Place    | Note
-------+----------+-------------------------------------------
     0 | D:1      | Ablot the Gnoll Warper began the quest for the Orb.
     0 | D:1      | Reached XP level 1. HP: 20/20 MP: 6/6
    42 | D:1      | Reached XP level 2. HP: 22/26 MP: 7/7
    45 | D:1      | Learned a level 2 spell: Blink
    51 | D:1      | Prayed at the altar of an unknown god.
    51 | D:1      | Became a worshipper of Makhleb the Destroyer
    51 | D:1      | Reached * piety under Makhleb
    52 | D:1      | Quit the game

Illustrated notes

Levels and vault maps discovered:
D:1:      minmay_arrival_stone_box, layout_loops_ring,
          ebering_ecumenical_altar_sacrificial

Action                   || total
-------------------------++-------
Melee: Spear             ||    25
       Bite              ||     1
Armor: Leather armour    ||     8
Dodge: Dodged            ||    13
